cohdb
Replays
Latest Replays
All Replays
Popular Replays
Top Player Replays
Match Explorer
How It Works
Community
CoH3 Stats
Reddit
Sign in to upload your games and track your stats! →
Sign in with Steam
Match 44213674
Unlisted
Match 44213674
Overview
Messages
Build Orders
End
Kradschützen Motorcycle Team
Selects Italian Combined Arms Battlegroup
Selects Bersaglieri Squad
Bersaglieri Squad
Bersaglieri Squad
Bersaglieri Squad
Construct Light Support Kompanie
Selects Bersaglieri Bolster
2.5-tonne Medical Truck
MG34 Team
Fire Support Elements
Selects Breda Model 30 Light Machine Guns
Pak 38 Anti-tank Gun Team
Construct Panzerarmee Kommand
MG34 Team
Selects Semovente da 75/18 Assault Gun
Panzer III L Medium Tank
Emergency Repair Kits
Panzer III L Medium Tank
Selects Carro Armato M13/40 Light Tank
Selects Pact of Steel
Vehicle Survival Package
Panzer III L Medium Tank
Panzer III L Medium Tank
Tomsch
2.0
MähnGiL
Barbarossa
0
0
Comments
sign in to comment!
No comments posted yet!